 Dungeon Crawl Stone Soup version 0.27-a0-1084-g78b3836a5f (webtiles) character file.

Game seed: 1460750353649540556

81 voltaire321 the Ducker (level 4, -5/32 HPs)
             Began as an Octopode Fighter on Apr 27, 2021.
             Slain by Sigmund
             ... wielding a +0 scythe
              (9 damage)
             ... on level 2 of the Dungeon.
             The game lasted 00:03:18 (2378 turns).

voltaire321 the Ducker (Octopode Fighter)           Turns: 2378, Time: 00:03:19

Health: -5/32      AC:  1    Str: 15    XL:     4   Next: 42%
Magic:  4/4        EV: 11    Int: 10    God:
Gold:   89         SH:  9    Dex: 12    Spells: 3/3 levels left

rFire    . . .     SeeInvis .   a - +0 trident
rCold    . . .     Faith    .   b - +0 kite shield
rNeg     . . .     Spirit   .   (helmet restricted)
rPois    .         Reflect  .   (no amulet)
rElec    .         Harm     .   (no ring)
rCorr    .         Rampage  .   (no ring)
Will     .....                  (no ring)
Stlth    ++........             (no ring)
HPRegen  0.10/turn              (no ring)
MPRegen  0.09/turn              (no ring)
                                (no ring)
                                (no ring)

@: no status effects
A: almost no armour, amphibious, 8 rings, camouflage 1, gelatinous body 1,
(nimble swimmer 1), tentacles
a: no special abilities


You were on level 2 of the Dungeon.
You visited 1 branch of the dungeon, and saw 2 of its levels.

You collected 89 gold pieces.

Inventory:

Hand Weapons
 a - a +0 trident (weapon)
Missiles
 k - a throwing net (quivered)
Armour
 b - a +0 kite shield (worn)
Jewellery
 f - an amulet of faith
Scrolls
 d - a scroll of silence {unknown}
 e - a scroll of magic mapping {unknown}
 i - a scroll of teleportation {unknown}
 j - 2 scrolls of identify
Potions
 c - a potion of might
 g - a potion of berserk rage
 h - 2 potions of flight


   Skills:
 + Level 3.6 Fighting
 + Level 2.7 Polearms
 + Level 3.6 Dodging
 + Level 3.6 Shields


You had 3 spell levels left.
You didn't know any spells.
Your spell library was empty.

Dungeon Overview and Level Annotations

Branches:
Dungeon (2/15)

Altars:

Shops:
D:1 [

Annotations:
D:2 Sigmund


Innate Abilities, Weirdness & Mutations

You cannot wear most types of armour.
You are amphibious.
You can wear up to eight rings at the same time.
Your skin changes colour to match your surroundings (Stealth+).
Your rubbery body absorbs attacks. (AC +1, EV +1)
((You are camouflaged near water. (Stealth+)))
You have tentacles for arms and can constrict up to eight enemies at once.


Message History

You hit the jackal but do no damage.
The jackal is heavily wounded.
You constrict the jackal. You block the jackal's attack. The jackal bites you.
You hit the jackal.
You kill the jackal!
A jackal comes into view.
The jackal barks!
Your shield prevents you from hitting the jackal.
Your grab misses the jackal. Your squeeze misses the jackal.
The jackal misses you. The jackal closely misses you.
You closely miss the jackal. You grab the jackal. You constrict the jackal.
The jackal misses you. The jackal bites you.
You hit the jackal but do no damage. You squeeze the jackal.
You kill the jackal!
Found a stone staircase leading up.
There is a stone staircase leading up here.
You now have 89 gold pieces (gained 9).
Found an escape hatch in the floor.
There is an escape hatch in the floor here.
There is a stone staircase leading down here.
Sigmund the Dreaded comes into view.
He is wielding a +0 scythe and wearing a +0 robe of the Archmagi.
Found a stone staircase leading down.
The helpless Sigmund fails to defend himself.
You hit Sigmund. Your grab misses Sigmund.
Sigmund is lightly wounded.
Sigmund drinks a potion.
Sigmund seems to speed up.
You block Sigmund's attack.
You hit Sigmund but do no damage. You grab Sigmund.
Sigmund is lightly wounded.
You constrict Sigmund. Sigmund misses you.
Sigmund points at himself and mumbles some strange words.
Sigmund flickers and vanishes!
Deactivating autopickup; reactivate with Ctrl-A.
You hit something. You constrict something. Something hits you!
You hear some strange, mumbled words.
A puff of flame appears from out of thin air!
The puff of flame hits you!
You closely miss something. You constrict something. Something hits you!
* * * LOW HITPOINT WARNING * * *
Something hits you!
You die...

#.######.<...............#
#.# ###################
#.# #.# #.# #.# #.# #.#
#.##.###########> #.#
#.....{@......... #.#
#########.###### #.# #.#
###### #.# #.# #..... #.#
#.# #.#### #.# #####.# #.#
#.###### #.....# #.#
#......# #.##### #.#
######.# #.# #.#


There were no monsters in sight!

Vanquished Creatures
  4 adders (D:2)
  A dart slug (D:1)
  3 ball pythons
  A bat (D:2)
  4 endoplasms
  10 giant cockroaches (D:2)
  5 goblins
  3 hobgoblins
  2 jackals (D:2)
  2 frilled lizards (D:1)
  3 kobolds
  A rat (D:1)
39 creatures vanquished.

Notes
Turn   | Place    | Note
-------+----------+-------------------------------------------
     0 | D:1      | voltaire321 the Octopode Fighter began the quest for the
                  | Orb.
     0 | D:1      | Reached XP level 1. HP: 16/16 MP: 1/1
    23 | D:1      | Found Wiqokenu's Armour Shoppe.
   303 | D:1      | Reached XP level 2. HP: 20/21 MP: 2/2
  1047 | D:2      | Reached XP level 3. HP: 26/26 MP: 3/3
  1054 | D:2      | HP: 1/26 [giant cockroach (1)]
  1549 | D:2      | Reached XP level 4. HP: 14/31 MP: 4/4
  2059 | D:2      | Found a faded altar of an unknown god.
  2372 | D:2      | Noticed Sigmund
  2378 | D:2      | Slain by Sigmund

Illustrated notes

Levels and vault maps discovered:
D:1:      amcnicky_arrival_blooded_trapdoor, layout_loops_ring, serial_shops,
          shop, item_on_display_a
D:2:      minmay_roachtagon, layout_loops_ring, ebering_ecumenical_altar_webs,
          uniq_sigmund

Action                   |  1- 3 |  4- 6 || total
-------------------------+-------+-------++-------
Melee: Trident           |    75 |    22 ||    97
       Constrict         |    16 |     6 ||    22
       Tentacles         |     6 |     1 ||     7
  Use: Scroll            |     2 |       ||     2
 Stab: Sleeping          |     4 |     1 ||     5
Armor: Skin              |     9 |       ||     9
Dodge: Dodged            |    26 |     7 ||    33
Block: Kite shield       |    27 |     5 ||    32

Table legend: (Time is in decaauts)
 A = Elapsed time spent in this place.
 B = Non-inter-level travel time spent in this place.
 C = Inter-level travel time spent in this place.
 D = Time resting spent in this place.
 E = Time spent auto-exploring this place.
 F = Levels seen in this place.
 G = Mean time per level.
                   A        B        C        D        E       F      G
               +--------+--------+--------+--------+--------+-----+--------+
         Total |   2419 |   2412 |      7 |    856 |   1276 |   2 | 1209.5 |
       Dungeon |   2419 |   2412 |      7 |    856 |   1276 |   2 | 1209.5 |
               +--------+--------+--------+--------+--------+-----+--------+

Top non-repeatable levels by time:
     D:2: 1529 daAuts
     D:1: 890 daAuts
